 Dungeon Crawl Stone Soup version 0.19.1-1-g22dce08 (webtiles) character file.

4008 Alarkh the Cleaver (level 10, 55/71 HPs)
             Began as a Demonspawn Monk on Jan 3, 2017.
             Was a Priest of Okawaru.
             Got out of the dungeon alive.
             The game lasted 00:13:50 (9075 turns).

Alarkh the Cleaver (Demonspawn Monk)                Turns: 9075, Time: 00:13:51

Health: 55/71      AC: 11    Str: 11    XL:     10   Next: 3%
Magic:  10/10      EV: 12    Int: 16    God:    Okawaru [***...]
Gold:   397        SH:  0    Dex: 15    Spells: 0 memorised, 9 levels left

rFire  . . .     SeeInvis .     A - +0 battleaxe
rCold  + . .     Gourm    .     p - +0 ring mail
rNeg   . . .     Faith    .     (shield currently unavailable)
rPois  +         Spirit   .     (helmet restricted)
rElec  .         Reflect  .     (no cloak)
rCorr  .         Harm     .     s - +2 pair of gloves
MR     .....                    (no boots)
Stlth  +.........               (no amulet)
                                j - ring of poison resistance
                                D - +1 ring of slaying

@: no status effects
A: horns 2, yellow scales 2, cold resistance 1, spiny 1
a: Heroism, Renounce Religion


You escaped.
You worshipped Okawaru.
Okawaru was most pleased with you.
You were not hungry.

You visited 2 branches of the dungeon, and saw 8 of its levels.
You also visited: Sewer.

You collected 397 gold pieces.

Inventory:

Hand Weapons
 a - a +2 hand axe
 A - a +0 battleaxe (weapon)
Armour
 b - a +0 robe
 p - a +0 ring mail (worn)
 s - a +2 pair of gloves (worn)
Magical Staves
 B - an uncursed staff of poison {unknown}
Jewellery
 j - a ring of poison resistance (right hand)
 l - an uncursed ring of magical power
 C - an uncursed ring of flight {unknown}
 D - a +1 ring of slaying (left hand)
Scrolls
 e - a scroll of enchant armour
 f - a scroll of recharging
 g - 6 scrolls of remove curse
 m - a scroll of immolation
 t - a scroll of amnesia {unknown}
 x - a scroll of teleportation
 y - a scroll of magic mapping
Potions
 d - 4 potions of heal wounds
 h - 2 potions of flight
 n - 4 potions of curing
 o - a potion of brilliance
 q - a potion of agility
 w - 2 potions of might
 z - a potion of cancellation {unknown}
Books
 r - a book of Minor Magic

   Spells                             Type                      Level
   a - Magic Dart                     Conjuration                  1
   b - Blink                          Translocation                2
   c - Call Imp                       Summoning                    2
   d - Repel Missiles                 Charms/Air                   2
   e - Slow                           Hexes                        2
   f - Conjure Flame                  Conjuration/Fire             3
   g - Mephitic Cloud                 Conjuration/Poison/Air       3
Comestibles
 c - 6 bread rations
 i - 5 meat rations
 u - a royal jelly
 v - 3 slices of pizza


   Skills:
 - Level 4.0 Fighting
 + Level 12.5 Axes
 - Level 2.2 Armour
 - Level 3.4 Dodging
 - Level 1.7 Stealth


You had 9 spell levels left.
You didn't know any spells.

Dungeon Overview and Level Annotations

Branches:
Dungeon (7/15)             Temple (1/1) D:6

Altars:
Ashenzari
Cheibriados
Dithmenos
Elyvilon
Fedhas
Gozag
Hepliaklqana
Kikubaaqudgha
Makhleb
Nemelex Xobeh
Okawaru
Qazlal
Ru
Sif Muna
Trog
Uskayaw
Vehumet
Xom
Yredelemnul
Zin
The Shining One


Innate Abilities, Weirdness & Mutations

You have a pair of horns on your head.
You are mostly covered in yellow scales. (AC +3)
Your flesh is cold resistant. (rC+)
You are partially covered in sharp spines.


Message History

A goblin comes into view. It is wielding a club.
You can't go up here!
The goblin moves out of view.
Some of the chunks of flesh in your inventory have rotted away.
No target in view!
No target in view!
You are feeling hungry.
The goblin shouts!
The goblin is struck by your spines.
You kill the goblin!
Okawaru accepts your kill.
No target in view!
No target in view!
(D) Dungeon (T) Temple
Where to? (Enter - D:1 @ (x,y), ? - help) Eating a chunk of flesh.
You start eating the chunk of flesh.
This raw flesh tastes terrible.
There is a staircase leading out of the dungeon here.
Are you sure you want to leave the Dungeon?
This will make you lose the game!
You have escaped!

#####.## ########## #.
#.# #. #.# #.
#.########## ##
#..........# #.
#####.###''## #.
#########.....##.##.##
#.
..............#...##.#
#.
#########.#####.@.##.#
##
............##....##.#
####..###.#.#.####8#.#
#..#.....#....)..##
#..#.###.#########
####### #..#......#
#...... #(........#
####### #.##.####.# #
#.#######.# #


There were no monsters in sight!

Vanquished Creatures
  Sigmund (D:5)
  Duvessa (D:5)
  An ice beast (D:7)
  An orc warrior (D:6)
  A sky beast (D:6)
  2 black bears
  5 ogres
  3 phantoms (D:5)
  3 centaurs
  Blork the orc (D:6)
  2 big kobolds (Sewer)
  8 bullfrogs
  Dowan (D:5)
  A scorpion (D:6)
  4 wights (D:6)
  A crimson imp (D:6)
  4 hounds
  10 orc priests
  A bullfrog skeleton (D:7)
  A centaur skeleton (D:7)
  An iguana (D:6)
  8 orc wizards
  Ijyb (D:2)
  6 worker ants
  A hound zombie (D:6)
  2 howler monkey skeletons
  3 gnolls (D:4)
  9 adders
  11 river rats (Sewer)
  A shadow imp (D:5)
  5 oozes
  2 worms
  4 dart slugs
  4 leopard geckos
  27 orcs
  4 ball pythons
  10 bats
  10 giant cockroaches
  14 goblins
  5 hobgoblins
  4 jackals
  7 quokkas
  7 frilled lizards
  21 kobolds
  24 rats
243 creatures vanquished.

Vanquished Creatures (others)
  A plant (D:4)
1 creature vanquished.

Grand Total: 244 creatures vanquished

Notes
Turn   | Place    | Note
-------+----------+-------------------------------------------
     0 | D:1      | Alarkh the Demonspawn Monk began the quest for the Orb.
     0 | D:1      | Reached XP level 1. HP: 18/18 MP: 1/1
   164 | D:1      | You fall through a shaft!
   174 | D:2      | Reached skill level 3 in Axes
   174 | D:2      | Gained mutation: You are partially covered in yellow scales. (AC +2) [demonic ancestry]
   174 | D:2      | Reached XP level 2. HP: 15/24 MP: 2/2
   693 | D:2      | Noticed Ijyb
   723 | D:2      | HP: 1/24 [Ijyb (1)]
   736 | D:2      | Killed Ijyb
   736 | D:2      | Reached skill level 4 in Axes
   736 | D:2      | Reached XP level 3. HP: 3/29 MP: 3/3
  1761 | D:1      | Gained mutation: You have a pair of small horns on your head. [demonic ancestry]
  1761 | D:1      | Reached XP level 4. HP: 35/35 MP: 4/4
  1804 | D:2      | Found a blossoming altar of Fedhas.
  2576 | D:3      | Reached skill level 5 in Axes
  3014 | D:3      | Gained mutation: You have a pair of horns on your head. [demonic ancestry]
  3014 | D:3      | Reached XP level 5. HP: 41/41 MP: 5/5
  3131 | D:3      | Found a bloodstained altar of Trog.
  3131 | D:3      | Found a snail-covered altar of Cheibriados.
  3706 | D:4      | Reached skill level 6 in Axes
  3710 | D:4      | Gained mutation: You are partially covered in sharp spines. [demonic ancestry]
  3710 | D:4      | Reached XP level 6. HP: 46/47 MP: 6/6
  4122 | D:4      | Found a glowing golden altar of the Shining One.
  4364 | D:4      | Reached skill level 7 in Axes
  4893 | D:4      | Reached XP level 7. HP: 49/52 MP: 7/7
  5191 | D:5      | Entered Level 5 of the Dungeon
  5235 | D:5      | Reached skill level 8 in Axes
  5407 | D:5      | Found a glowing drain.
  5450 | Sewer    | Entered a sewer
  5547 | Sewer    | Reached skill level 9 in Axes
  5547 | Sewer    | Gained mutation: You are mostly covered in yellow scales. (AC +3) [demonic ancestry]
  5547 | Sewer    | Reached XP level 8. HP: 51/58 MP: 8/8
  6175 | D:5      | Noticed Sigmund
  6186 | D:5      | Killed Sigmund
  6243 | D:5      | Reached skill level 10 in Axes
  6287 | D:5      | Noticed Duvessa
  6288 | D:5      | Noticed Dowan
  6298 | D:5      | Killed Duvessa
  6303 | D:5      | Killed Dowan
  6676 | D:6      | Reached skill level 1 in Armour
  6688 | D:6      | Found a sacrificial altar of Ru.
  6689 | D:6      | Found a glowing silver altar of Zin.
  6715 | D:6      | Found a staircase to the Ecumenical Temple.
  6724 | Temple   | Entered the Ecumenical Temple
  6916 | Temple   | Became a worshipper of Warmaster Okawaru
  6916 | Temple   | Reached * piety under Okawaru
  6916 | Temple   | Reached ** piety under Okawaru
  7088 | D:6      | Reached XP level 9. HP: 52/65 MP: 9/9
  7421 | D:6      | Noticed Blork the orc
  7429 | D:6      | Killed Blork the orc
  7525 | D:6      | Reached skill level 11 in Axes
  7944 | D:6      | Found a burning altar of Makhleb.
  7944 | D:6      | Found an opulent altar of Gozag.
  8099 | D:6      | Reached *** piety under Okawaru
  8384 | D:7      | Reached skill level 12 in Axes
  8701 | D:7      | Found a shadowy altar of Dithmenos.
  8863 | D:7      | Gained mutation: Your flesh is cold resistant. (rC+) [demonic ancestry]
  8863 | D:7      | Reached XP level 10. HP: 62/71 MP: 10/10
  9075 | D:$      | Got out of the dungeon alive.

Skill      XL: |  1  2  3  4  5  6  7  8  9 |
---------------+----------------------------+-----
Axes           | 3 4 5 6 7 9 10 12 | 12.5
Armour         | 1 2 |  2.2
Dodging        | 3 |  3.4
Fighting       | 4 |  4.0
Stealth        | |  1.7

Action                   |  1- 3 |  4- 6 |  7- 9 | 10-12 || total
-------------------------+-------+-------+-------+-------++-------
Melee: Hand axe          |   120 |   218 |   233 |       ||   571
       Headbutt          |       |    37 |    58 |       ||    95
       Battleaxe         |       |       |   123 |     5 ||   128
Invok: Heroism           |       |       |     1 |       ||     1
  Use: Potion            |     1 |     7 |     9 |       ||    17
       Scroll            |       |     6 |     8 |       ||    14
 Stab: Sleeping          |     4 |     8 |       |       ||    12
       Distracted        |     1 |       |       |       ||     1
  Eat: Chunk             |     3 |    10 |    13 |     1 ||    27
Armor: Robe              |    32 |    23 |       |       ||    55
       Skin              |       |     5 |       |       ||     5
       Ring mail         |       |    20 |   140 |     2 ||   162
Dodge: Dodged            |    81 |   114 |   206 |     4 ||   405
